 Dungeon Crawl Stone Soup version 0.21-a0-442-g848f44b (webtiles) character file.

1360 Gildeon the Chopper (level 8, -9/68 HPs)
             Began as a Minotaur Fighter on Nov 12, 2017.
             Killed by divine providence
             ... invoked by an orc priest
              (13 damage)
             ... on level 6 of the Dungeon.
             The game lasted 00:48:31 (5002 turns).

Gildeon the Chopper (Minotaur Fighter)              Turns: 5002, Time: 00:48:31

Health: -9/68      AC: 10    Str: 20 (21) XL:     8   Next: 37%
Magic:  7/7        EV: 10    Int:  8      God:
Gold:   289        SH:  0    Dex:  9 (11) Spells: 7/7 levels left

rFire    . . .     SeeInvis .   a - +2 war axe
rCold    . . .     Gourm    .   c - +0 shield
rNeg     + . .     Faith    .   b - +3 scale mail
rPois    .         Spirit   .   (helmet restricted)
rElec    .         Reflect  .   (no cloak)
rCorr    .         Harm     .   (no gloves)
MR       .....                  (no boots)
Stlth    ..........             (no amulet)
HPRegen  0.21/turn              m - ring of positive energy
MPRegen  0.10/turn              v - ring of flight

@: confused
A: retaliatory headbutt, horns 2, clever 1, deterioration 1
a: Evoke Flight


You were on level 6 of the Dungeon.
You were not hungry.

You visited 1 branch of the dungeon, and saw 6 of its levels.

You collected 289 gold pieces.

Inventory:

Hand Weapons
 a - a +2 war axe (weapon)
 k - a +0 hand axe of venom
 x - a +0 shortbow
Missiles
 l - 122 arrows
 w - a tomahawk (quivered)
Armour
 b - a +3 scale mail (worn)
 c - a +0 shield (worn)
 j - a +0 leather armour
 p - a +0 ring mail
Jewellery
 m - a ring of positive energy (left hand)
 v - a ring of flight (right hand)
Wands
 y - a wand of flame (10/48)
Scrolls
 q - a scroll of fog
 r - a scroll of enchant weapon
 t - 3 scrolls of amnesia
 u - a scroll of remove curse
Potions
 d - a potion of might
 e - a potion of flight
 h - a potion of heal wounds
 i - 2 potions of berserk rage
 n - 2 potions of curing
Comestibles
 f - 2 bread rations
 g - 2 royal jellies
 o - a meat ration
 s - 2 chunks of flesh


   Skills:
 - Level 5.0 Fighting
 + Level 7.2 Axes
 - Level 2.0 Bows
 - Level 2.9 Throwing
 - Level 5.6 Armour
 - Level 5.4 Dodging
 - Level 5.1 Shields


You had 7 spell levels left.
You didn't know any spells.

Dungeon Overview and Level Annotations

Branches:
Dungeon (6/15)
 Temple: D:4-7

Altars:
Yredelemnul

Shops:
D:4 (


Innate Abilities, Weirdness & Mutations

You reflexively headbutt those who attack you in melee.
You have a pair of horns on your head.
Your mind is acute. (Int +2)
Your body sometimes deteriorates upon taking damage.


Message History

The orc priest mumbles some strange prayers to Beogh against you.
You block something's attack.
You see here a giant club.
You hear some strange, mumbled words.
Something tries to affect you, but you resist.
You closely miss something. Something hits you.
The orc priest calls down the wrath of Beogh upon you.
Beogh smites you!
* * * LOW HITPOINT WARNING * * *
You closely miss something.
You hear some strange, mumbled words.
You are confused.
The orc priest mumbles some strange prayers to Beogh against you.
The orc priest invokes the aid of Beogh against you.
Beogh smites you!
* * * LOW HITPOINT WARNING * * *
Something hits you but does no damage.
The orc priest calls down the wrath of Beogh upon you.
Beogh smites you!
You die...

....# #o# ....# #)#
....# #H# ....# #.# ##
)...# ### #H# .#
)...###.#####o###.######
..#.#...............(...
.####........(....#####
#รท# #.#.###.#.##@.#
.####.....(.#.##..#
#...#...###.#.##..#
.#..#.#.###.#.##..#
.####.......#.##..#
........#####.#....
######### .#.... # ..##.


You could see a hippogriff and an orc priest.

Vanquished Creatures
  A phantom (D:4)
  4 ogres
  2 centaurs (D:5)
  A wight (D:6)
  A jelly (D:2)
  A quasit (D:6)
  4 hounds
  4 orc priests
  Natasha (twice) (D:4)
  An iguana (D:5)
  5 worker ants
  A killer bee zombie (D:6)
  A worker ant zombie (D:4)
  3 gnolls (D:3)
  6 adders
  2 oozes
  An adder skeleton (D:5)
  3 worms
  A dart slug (D:5)
  3 leopard geckos
  14 orcs
  A ball python (D:2)
  3 giant cockroaches
  10 goblins
  8 hobgoblins
  11 jackals
  3 kobolds
  2 quokkas
  10 bats
  4 frilled lizards
  A jackal skeleton (D:4)
  8 rats
122 creatures vanquished.

Notes
Turn   | Place    | Note
-------+----------+-------------------------------------------
     0 | D:1      | Gildeon the Minotaur Fighter began the quest for the Orb.
     0 | D:1      | Reached XP level 1. HP: 19/19 MP: 0/0
   341 | D:1      | Reached skill level 3 in Axes
   375 | D:1      | Reached XP level 2. HP: 18/27 MP: 1/1
   845 | D:2      | Reached skill level 4 in Axes
   845 | D:2      | Reached XP level 3. HP: 33/33 MP: 2/2
   931 | D:2      | Reached skill level 5 in Axes
   931 | D:2      | Reached XP level 4. HP: 21/40 MP: 3/3
  2340 | D:3      | Reached XP level 5. HP: 47/47 MP: 4/4
  2355 | D:3      | Reached skill level 5 in Fighting
  2660 | D:4      | Noticed an ogre
  2670 | D:4      | Killed an ogre
  2670 | D:4      | Reached skill level 5 in Armour
  2670 | D:4      | Reached XP level 6. HP: 46/56 MP: 5/5
  2843 | D:4      | Reached skill level 5 in Shields
  2956 | D:4      | Noticed Natasha
  2961 | D:4      | Killed Natasha
  2961 | D:4      | Reached skill level 1 in Dodging
  3042 | D:4      | Reached XP level 7. HP: 52/61 MP: 6/6
  3136 | D:4      | Noticed Natasha
  3145 | D:4      | Killed Natasha
  3473 | D:4      | Found Denil's Antique Weapon Shop.
  3566 | D:5      | Entered Level 5 of the Dungeon
  3741 | D:5      | Reached skill level 5 in Dodging
  3866 | D:5      | Reached skill level 1 in Throwing
  4094 | D:5      | Reached XP level 8. HP: 66/68 MP: 7/7
  4113 | D:5      | Reached skill level 1 in Bows
  4220 | D:5      | Gained mutation: Your body sometimes deteriorates upon taking damage. [potion of mutation]
  4220 | D:5      | Gained mutation: Your mind is acute. (Int +2) [potion of mutation]
  4337 | D:5      | Found a basalt altar of Yredelemnul.
  4635 | D:6      | Reached skill level 6 in Axes
  4972 | D:6      | Reached skill level 7 in Axes
  4982 | D:6      | Noticed a hippogriff
  5002 | D:6      | Killed from afar by an orc priest

Vault maps used:
D:1:      minmay_arrival_stone_box, kennysheep_decorative_pillar,
          hangedman_abyss_or_decor_stabs, minmay_door_square,
          kennysheep_another_room, grunt_decor_resistance
D:3:      minmay_box_of_dots
D:4:      first_bread, serial_shops, nicolae_shop_behind_doors, uniq_natasha
D:5:      overflow_temple_1_default
D:6:      wad_rectangle_vault

Skill      XL: |  1  2  3  4  5  6  7  8 |
---------------+-------------------------+-----
Axes           | 3 4 5 7 |  7.2
Fighting       | 4 5 |  5.0
Armour         | 5 |  5.6
Shields        | 5 |  5.1
Dodging        | 3 5 |  5.4
Throwing       | 2 |  2.9
Bows           | 2 |  2.0

Action                   |  1- 3 |  4- 6 |  7- 9 || total
-------------------------+-------+-------+-------++-------
Melee: War axe           |    71 |   160 |   110 ||   341
       Headbutt          |     5 |    27 |    11 ||    43
 Fire: Shortbow          |       |       |     5 ||     5
Throw: Tomahawk          |       |     2 |    11 ||    13
  Use: Scroll            |     4 |    13 |     7 ||    24
       Potion            |       |       |     2 ||     2
  Eat: Chunk             |       |     7 |     6 ||    13
Armor: Scale mail        |    51 |    67 |    62 ||   180
Dodge: Dodged            |    20 |    51 |    73 ||   144
Block: Shield            |    53 |    69 |    94 ||   216

Table legend:
 A = Spawn XP
 B = Non-spawn XP
 C = Spawn XP percentage of total XP
 D = Spawn monster count
 E = Non-spawn monster count
 F = Spawn count percentage of total count
 G = Total turns spent on level
                    A         B        C        D         E        F      G
               +---------+---------+-------+---------+---------+-------+---------
         Total |       0 |    1944 |   0.0 |       0 |     122 |   0.0 |  5002
               +---------+---------+-------+---------+---------+-------+---------
           D:1 |       0 |      26 |   0.0 |       0 |      16 |   0.0 |   734
           D:2 |       0 |     119 |   0.0 |       0 |      18 |   0.0 |   931
           D:3 |       0 |     123 |   0.0 |       0 |      36 |   0.0 |   916
           D:4 |       0 |     725 |   0.0 |       0 |      27 |   0.0 |   987
           D:5 |       0 |     533 |   0.0 |       0 |      14 |   0.0 |   979
           D:6 |       0 |     418 |   0.0 |       0 |      11 |   0.0 |   455
               +---------+---------+-------+---------+---------+-------+---------
